 Dungeon Crawl Stone Soup version 0.29.1-15-g9cfb28693d (webtiles) character file.

Game seed: 16171912576459547301

21 Ast3rio the Insei (level 3, -1/27 HPs)
             Began as a Djinni Transmuter on Mar 14, 2023.
             Slain by a ball python (3 damage)
             ... on level 1 of the Dungeon.
             The game lasted 00:01:27 (1115 turns).

Ast3rio the Insei (Djinni Transmuter)               Turns: 1115, Time: 00:01:28

Health: -1/27      AC:  2    Str: 11    XL:     3   Next: 5%
Gold:   60         EV: 12    Int: 14    God:
                   SH:  0    Dex: 13

rFire   + + .      SeeInvis .     - Unarmed
rCold   x . .      Faith    .   (no shield)
rNeg    . . .      Spirit   .   a - +0 robe
rPois   ∞          Reflect  .   (helmet currently unavailable)
rElec   .          Harm     .   (no cloak)
rCorr   .          Rampage  .   (no gloves)
Will    .....                   (boots unavailable)
Stlth   +.........              (no amulet)
HPRegen 0.09/turn               (no ring)
MPRegen 0.00/turn               (no ring)

@: appendages, flying
A: horns 2, flying, sickness immunity, fire resistance 2, cold vulnerability 1,
float, innate caster, HP casting, extra vitality 1
a: End Transformation


You were on level 1 of the Dungeon.
You had temporarily grown beastly horns.
You visited 1 branch of the dungeon, and saw 1 of its levels.

You collected 60 gold pieces.

Inventory:

Armour
 a - a +0 robe (worn)
Scrolls
 e - a scroll of enchant weapon {unknown}
 g - a scroll of acquirement {unknown}
Potions
 b - a potion of lignification
 c - a potion of magic {unknown}
 d - a potion of heal wounds {unknown}
 f - a potion of invisibility {unknown}


   Skills:
 * Level 1.5 Fighting
 + Level 2.4 Dodging
 * Level 3.3 Unarmed Combat
 * Level 1.9 Spellcasting


You couldn't memorise any spells.
You knew the following spells:

 Your Spells              Type           Power      Damage    Failure   Level
a - Beastly Appendage     Tmut           12%        N/A       11%         1
b - Wereblood             Tmut           6%         N/A       16%         2
c - Spider Form           Tmut/Pois      6%         N/A       32%         3
d - Ice Form              Ice/Tmut       6%         N/A       71%         4
e - Slow                  Hex            24%        N/A       11%         1
Your spell library was empty.

Dungeon Overview and Level Annotations

Branches:
Dungeon (1/15)

Altars:


Innate Abilities, Weirdness & Mutations

You have temporarily grown beastly horns.
You are flying.
You are immune to sickness and miasma.
You are immune to poison.
Your flesh is very heat resistant. (rF++)
You are vulnerable to cold. (rC-)
You float through the air rather than walking.
You learn spells naturally, not from books.
Your magical power is your life essence.
You have superior vitality. (+4 MHP)


Message History

Increase (S)trength, (I)ntelligence, or (D)exterity?
You feel stronger. x2
The power to cast Slow wells up from within.
Spell assigned to 'e'.
Cast which spell? (? or * to list)
You grow a pair of large bovine horns.
The bat barely misses you. The giant cockroach barely misses you.
The goblin barely misses you. The bat completely misses you.
The ball python bites you but does no damage.
The ball python constricts you. The giant cockroach bites you.
You hit the bat.
You kill the bat!
The goblin hits you but does no damage.
The ball python bites you but does no damage.
The ball python constricts you. The giant cockroach misses you.
You escape the ball python's grasp.
The goblin hits you with a +0 dagger.
The ball python bites you but does no damage.
The ball python misses you.
Things that are here:
a +0 club; a +0 dagger You barely miss the goblin.
The goblin hits you but does no damage. The giant cockroach bites you.
The ball python bites you but does no damage.
The ball python misses you.
You closely miss the goblin.
The giant cockroach bites you but does no damage.
The kobold hits you with a +0 hand axe.
* * * LOW HITPOINT WARNING * * *
The goblin hits you with a +0 dagger.
* * * LOW HITPOINT WARNING * * *
The ball python bites you.
* * * LOW HITPOINT WARNING * * *
The ball python barely misses you.
You barely miss the goblin. You headbutt the goblin.
The goblin is severely wounded.
The giant cockroach completely misses you.
The kobold closely misses you. The goblin hits you with a +0 dagger.
* * * LOW HITPOINT WARNING * * *
The ball python bites you.
You die...

##..# #.# ##..#
######.## .#..#
#.......# ....#
#.......# ##.†###
#.......# ......#
#.......#
..#.#.###..[....#
........#.......###
..#.##..#......B@.#
..#.# .#......SgK#
..#)# #.........#
..#.# ............
#.# .............
###.#
#..............
....#
#...)..........
#####
#.^......?.....


You could see a giant cockroach, a goblin, a ball python and a kobold.

Vanquished Creatures
  A ball python (D:1)
  2 endoplasms (D:1)
  2 giant cockroaches (D:1)
  3 goblins (D:1)
  3 hobgoblins (D:1)
  2 bats (D:1)
  2 frilled lizards (D:1)
  3 kobolds (D:1)
  A rat (D:1)
19 creatures vanquished.

Notes
Turn   | Place    | Note
-------+----------+-------------------------------------------
     0 | D:1      | Ast3rio the Djinni Transmuter began the quest for the Orb.
     0 | D:1      | Ast3rio set off with the following spells memorised:
                  | Beastly Appendage, Wereblood, Spider Form, Ice Form.
     0 | D:1      | Reached XP level 1. HP: 17/17 MP: 0/0
   365 | D:1      | Reached XP level 2. HP: 15/22 MP: 0/0
  1110 | D:1      | Reached XP level 3. HP: 20/27 MP: 0/0
  1110 | D:1      | Learned a level 1 spell: Slow
  1115 | D:1      | Slain by a ball python

Illustrated notes

Levels and vault maps discovered:
D:1:      tarquinn_simple_flora_water_c, layout_basic

Action                   || total
-------------------------++-------
Melee: Unarmed           ||    78
       Headbutt          ||     1
 Cast: Beastly Appendage ||     1
 Stab: Sleeping          ||     1
Armor: Robe              ||    24
Dodge: Dodged            ||    43
